 Dungeon Crawl Stone Soup version 0.25.1-9-gc5326a611f (webtiles) character file.

Game seed: 12714886199587558013

15 Ladykiller69 the Skirmisher (level 2, -2/24 HPs)
             Began as a Formicid Abyssal Knight on Mar 29, 2021.
             Was a Follower of Lugonu.
             Slain by Robin
             ... wielding a cursed -1 spear
              (3 damage)
             ... on level 1 of the Dungeon.
             The game lasted 00:02:46 (1019 turns).

Ladykiller69 the Skirmisher (FoAK)                  Turns: 1019, Time: 00:02:47

Health: -2/24      AC:  3    Str: 16    XL:     2   Next: 65%
Magic:  3/3        EV:  6    Int: 11    God:    Lugonu [*.....]
Gold:   33         SH: 11    Dex: 10    Spells: 1/1 levels left

rFire    . . .     SeeInvis +   a - +1 hand axe
rCold    . . .     Gourm    .   j - +0 tower shield
rNeg     . . .     Faith    .   b - +0 leather armour
rPois    .         Spirit   .   (helmet unavailable)
rElec    .         Reflect  .   (no cloak)
rCorr    .         Harm     .   (no gloves)
MR       .....                  (no boots)
Stlth    +.........             (no amulet)
HPRegen  0.08/turn              (no ring)
MPRegen  0.08/turn              (no ring)

@: no status effects
A: permanent stasis, dig shafts and tunnels, four strong arms, antennae 3
a: Dig, Shaft Self, Depart the Abyss, Renounce Religion


You were on level 1 of the Dungeon.
You worshipped Lugonu.
Lugonu was aware of your devotion.
You were hungry.

You visited 1 branch of the dungeon, and saw 2 of its levels.
You visited the Abyss 1 time.

You collected 33 gold pieces.

Inventory:

Hand Weapons
 a - a +1 hand axe (weapon)
Armour
 b - a +0 leather armour (worn)
 j - a +0 tower shield (worn)
 k - a +0 pair of boots
Jewellery
 f - an uncursed ring of flight {unknown}
 h - a cursed amulet of inaccuracy {unknown}
Scrolls
 d - a scroll of enchant weapon {unknown}
 e - 2 scrolls of identify {unknown}
Potions
 g - a potion of flight {unknown}
 i - 2 potions of curing {unknown}
Comestibles
 c - 3 rations
 l - 4 chunks of flesh


   Skills:
 + Level 3.3 Fighting
 * Level 2.3 Axes
 + Level 2.4 Armour
 + Level 1.2 Dodging
 * Level 0.5 Shields
 + Level 2.4 Invocations


You had one spell level left.
You didn't know any spells.
Your spell library was empty.

Dungeon Overview and Level Annotations

Branches:
Dungeon (2/15)

Altars:

Annotations:
D:1 Robin


Innate Abilities, Weirdness & Mutations

You cannot be hasted, slowed, berserked, paralysed or teleported.
You can dig through walls and to a lower floor.
Your four strong arms can wield two-handed weapons with a shield.
You have a pair of large antennae on your head. (SInv)


Message History

Robin roars a battlecry!
The hobgoblin goes into a battle-frenzy!
You block the hobgoblin's attack.
You hit Robin.
Robin is heavily wounded.
You barely miss the hobgoblin. Robin hits you but does no damage.
You block the hobgoblin's attack.
You closely miss Robin.
Robin is heavily wounded.
You hit the hobgoblin. You block Robin's attack.
The hobgoblin hits you with a +0 dagger.
* * * LOW HITPOINT WARNING * * *
Robin barely misses you.
The hobgoblin hits you with a +0 dagger.
* * * LOW HITPOINT WARNING * * *
Are you sure you want to shaft yourself?
You are feeling hungry.
Robin laughs in a distinctly smug fashion.
Robin hits you with a cursed -1 spear.
You die...

##......# #.# #####.#.#
#.# ####.#.# #.# #....#.#
#.# #.####.# #.# #.# #.#
#.# #.# #.# #.# #.#
#.###############.#
##.####.##....>g@g....(.#
........##.##############
##.##.####.# #.##.# #.#
#.##.# #.# #.##.# #.#
##.##.####.# ...#.......#
####..######


You could see Robin and a hobgoblin (strong).

Vanquished Creatures
  4 goblins
  4 hobgoblins
  A kobold (D:1)
  A bat (D:1)
  A frilled lizard (D:1)
  3 rats (D:1)
14 creatures vanquished.

Notes
Turn   | Place    | Note
-------+----------+-------------------------------------------
     0 | Abyss:1  | Ladykiller69 the Formicid Abyssal Knight began the quest
                  | for the Orb.
     0 | Abyss:1  | Reached XP level 1. HP: 18/18 MP: 2/2
    29 | Abyss:1  | Noticed a raiju
    31 | D:1      | Escaped the Abyss
   236 | D:1      | Reached skill level 1 in Dodging
   353 | D:1      | Reached * piety under Lugonu
   407 | D:1      | Reached XP level 2. HP: 23/24 MP: 3/3
   998 | D:2      | Noticed Robin
  1018 | D:1      | HP: 1/24 [hobgoblin/+0 dagger[Robin] (5)]
  1019 | D:1      | Slain by Robin

Illustrated notes

Levels and vault maps discovered:
D:1:      dpeg_arrival_shrine, layout_loops_ring, nrook_loot_triangle
D:2:      layout_rooms, riverfiend_overflow_shadow_ancestor,
          dancing_weapons_uskayaw, first_ration, minmay_misc_feat_rows,
          uniq_robin, uniq_jessica

Skill      XL: |  1 |
---------------+----+-----
Dodging        | 1 |  1.2
Fighting       | |  3.3
Axes           | |  2.3
Armour         | |  2.4
Shields        | |  0.5
Invocations    | |  2.4

Action                   || total
-------------------------++-------
Melee: Hand axe          ||    49
Invok: Depart the Abyss  ||     1
 Abil: Shaft Self        ||     1
Armor: Leather armour    ||    21
Dodge: Dodged            ||    24
Block: Tower shield      ||    24
